 Dungeon Crawl Stone Soup version 0.19.1-1-g22dce08 (webtiles) character file.

169 truemonolith the Magician (level 5, 0/28 HPs)
             Began as a Deep Elf Conjurer on Dec 29, 2016.
             Killed from afar by an orc wizard (5 damage)
             ... with a puff of flame
             ... on level 3 of the Dungeon.
             The game lasted 00:05:56 (3042 turns).

truemonolith the Magician (Deep Elf Conjurer)       Turns: 3042, Time: 00:05:57

Health: 0/28       AC:  5    Str:  5    XL:     5   Next: 25%
Magic:  3/13       EV: 13    Int: 26    God:
Gold:   82         SH:  0    Dex: 15    Spells: 2 memorised, 10 levels left

rFire  + . .     SeeInvis .     e - +5 dagger
rCold  + . .     Gourm    .     a - +0 robe
rNeg   . . .     Faith    .     (no shield)
rPois  +         Spirit   .     (no helmet)
rElec  +         Reflect  .     s - +2 cloak {rPois}
rCorr  +         Harm     .     (no gloves)
MR     .....                    (no boots)
Stlth  ++........               (no amulet)
                                (no ring)
                                (no ring)

@: brilliant, resistant, flying
A: low mp 1, poison resistance
a: no special abilities


You were on level 3 of the Dungeon.
You were not hungry.

You visited 1 branch of the dungeon, and saw 3 of its levels.

You collected 82 gold pieces.

Inventory:

Hand Weapons
 e - a +5 dagger (weapon)
Armour
 a - a +0 robe (worn)
 s - a +2 cloak of poison resistance (worn)
Jewellery
 g - a cursed ring of teleportation {unknown}
Scrolls
 c - 2 scrolls of identify {unknown}
 k - 3 scrolls of immolation {unknown}
 l - a scroll of remove curse {unknown}
 m - a scroll of noise {unknown}
 p - a scroll of enchant armour {unknown}
 q - a scroll of teleportation {unknown}
 u - a scroll of random uselessness {unknown}
Potions
 h - a potion of heal wounds {unknown}
 i - a potion of lignification {unknown}
 j - a potion of ambrosia {unknown}
Books
 b - a book of Conjurations

   Spells                             Type                      Level
   a - Magic Dart                     Conjuration                  1
   b - Searing Ray                    Conjuration                  2
   c - Dazzling Spray                 Conjuration/Hexes            3
   d - Fulminant Prism                Conjuration/Hexes            4
   e - Iskenderun's Mystic Blast      Conjuration                  4
   f - Iskenderun's Battlesphere      Conjuration/Charms           5
Comestibles
 n - 4 fruits


   Skills:
 - Level 2.4 Dodging
 - Level 2.4 Stealth
 - Level 5.3 Spellcasting
 - Level 4.3 Conjurations
 + Level 4.9 Hexes


You had 10 spell levels left.
You knew the following spells:

 Your Spells              Type           Power        Failure   Level  Hunger
a - Magic Dart            Conj           ####         1%          1    None
b - Dazzling Spray        Conj/Hex       #####.       1%          3    #......


Dungeon Overview and Level Annotations

Branches:
Dungeon (3/15)

Altars:


Innate Abilities, Weirdness & Mutations

Your magical capacity is low. (-10% MP)
Your system is resistant to poisons. (rPois)


Message History

Aiming: Magic Dart
Press: ? - help, Shift-Dir - straight line, f/p - orc wizard
Aim: an orc wizard, wielding a dagger and wearing a robe (fast)
The magic dart hits the orc wizard.
The orc wizard is lightly wounded.
The orc wizard gestures at you while chanting.
The puff of frost hits you! You resist.
* * * LOW HITPOINT WARNING * * *
The orc wizard casts a spell at you. The puff of flame hits you! You resist.
* * * LOW HITPOINT WARNING * * *
The orc wizard hits you but does no damage.
The orc wizard closely misses you. The orc wizard casts a spell at you.
The puff of flame hits you! You resist.
* * * LOW HITPOINT WARNING * * *
The orc wizard hits you but does no damage.
The orc wizard gestures at you while chanting.
The puff of flame hits you! You resist.
You die...

'.........+...........).))...
#.........###....#########.#.
##.......####.#.##
##.....#........#
##...##.###.##.# ##+###.#
#.##.# ## #.# #.# #.##.#
.####.###.# #.o..#
...<...##.######@#
.###)...<....# #.#
.##(....#.##.###.#
.................#
.###...#.###.###># .#
#...#.........# .#
#.))......#####
.......####### #####.##


You could see an orc wizard.

Vanquished Creatures
  Crazy Yiuf (D:2)
  2 orc wizards (D:3)
  A gnoll (D:1)
  An adder (D:2)
  2 worms (D:2)
  3 dart slugs
  A leopard gecko (D:2)
  5 orcs (D:3)
  A ball python (D:2)
  7 goblins (D:1)
  5 hobgoblins
  4 jackals
  2 quokkas (D:2)
  3 bats
  3 frilled lizards
  4 kobolds
  8 rats
53 creatures vanquished.

Notes
Turn   | Place    | Note
-------+----------+-------------------------------------------
     0 | D:1      | truemonolith the Deep Elf Conjurer began the quest for the Orb.
     0 | D:1      | Reached XP level 1. HP: 10/10 MP: 6/6
   224 | D:1      | Reached skill level 4 in Spellcasting
   224 | D:1      | Reached XP level 2. HP: 8/15 MP: 1/9
  1033 | D:1      | Reached XP level 3. HP: 19/19 MP: 9/11
  1180 | D:1      | Reached skill level 5 in Spellcasting
  1706 | D:2      | Learned a level 3 spell: Dazzling Spray
  1747 | D:2      | Found a runed door.
  1797 | D:2      | Reached skill level 1 in Hexes
  2339 | D:2      | Reached XP level 4. HP: 19/24 MP: 3/13
  2660 | D:2      | Noticed Crazy Yiuf
  2666 | D:2      | Killed Crazy Yiuf
  2955 | D:3      | Reached XP level 5. HP: 28/28 MP: 12/14
  3027 | D:3      | HP: 1/28 [orc wizard/puff of flame (10)]
  3029 | D:3      | Gained mutation: Your system is resistant to poisons. (rPois) [potion of mutation]
  3029 | D:3      | Gained mutation: Your magical capacity is low. (-10% MP) [potion of mutation]
  3042 | D:3      | Killed from afar by an orc wizard

Skill      XL: |  1  2  3  4 |
---------------+-------------+-----
Spellcasting   | 4 5 |  5.3
Hexes          | 2 4 |  4.9
Dodging        | |  2.4
Stealth        | |  2.4
Conjurations   | |  4.3

Action                   |  1- 3 |  4- 6 || total
-------------------------+-------+-------++-------
Melee: Dagger            |     1 |     3 ||     4
 Cast: Magic Dart        |    91 |    37 ||   128
       Dazzling Spray    |       |     2 ||     2
  Use: Potion            |       |     5 ||     5
  Eat: Chunk             |     1 |     1 ||     2
       Bread ration      |     1 |       ||     1
Armor: Robe              |     4 |     5 ||     9
Dodge: Dodged            |     7 |    13 ||    20
